 Dungeon Crawl Stone Soup version 0.28-a0-655-g4eb62b627b (webtiles) character file.

Game seed: 3239057489736889345

190164 Strat the Stormcaller (level 17, -4/154 HPs)
             Began as a Pale Draconian Cinder Acolyte on Oct 5, 2021.
             Was a High Priest of Ignis.
             Killed from afar by a shock serpent (9 damage)
             ... with an electric aura
             ... on level 4 of the Snake Pit on Oct 12, 2021.
             The game lasted 02:15:54 (56832 turns).

Strat the Stormcaller (DrCA)                       Turns: 56832, Time: 02:15:54

Health: -4/154     AC: 20    Str: 18    XL:     17   Next: 53%
Magic:  8/29       EV: 20    Int: 21    God:    Ignis [*****.]
Gold:   4642       SH: 13    Dex: 12    Spells: 1/33 levels left

rFire   + . .      SeeInvis +   S - +5 demon whip (freeze)
rCold   + . .      Faith    .   C - +0 kite shield
rNeg    . . .      Spirit   .   (armour unavailable)
rPois   .          Reflect  .   p - +2 hat
rElec   .          Harm     .   P - +2 cloak {Will+}
rCorr   +          Rampage  .   u - +2 pair of gloves
Will    ++++.                   D - +2 pair of boots {Stlth+}
Stlth   ++........              M - amulet of magic regeneration
HPRegen 0.35/turn               I - ring of the Mage {Wiz Will++ Int+3}
MPRegen 0.46/turn               N - ring of the Unkillable {Drain rC+ rCorr EV+4 Int+3 SInv}

@: lethally poisoned (-4 -> -15)
A: breathe steam, AC +9, unfitting armour, cold-blooded, steam resistance
}: 1/15 runes: barnacled
a: Breathe Steam, Renounce Religion, Sea of Fire, Foxfire Swarm, Rising Flame


You were on level 4 of the Snake Pit.
You worshipped Ignis.
Ignis was extremely pleased with you.
You visited 5 branches of the dungeon, and saw 31 of its levels.
You also visited: Bailey.

You collected 5368 gold pieces.
You spent 726 gold pieces at shops.

Inventory:

Hand Weapons
 b - a +0 hunting sling
 S - a +5 demon whip of freezing (weapon)
Missiles
 e - 122 poisoned darts
 h - 6 throwing nets
 k - 1170 stones (quivered)
 o - 335 sling bullets
 L - 9 boomerangs of dispersal
Armour
 f - a +0 buckler
 p - a +2 hat (worn)
 u - a +2 pair of gloves (worn)
 C - a +0 kite shield (worn)
 D - a +2 pair of boots of stealth (worn)
 P - a +2 cloak of willpower (worn)
Jewellery
 t - the ring of Wuorgh {*Corrode rC- Will+++ Str+6 SInv}
   (You found it on level 4 of the Shoals)

   [ring of strength]

   Str:       It affects your strength (+6).
   rC:        It makes you vulnerable to cold.
   SInv:      It lets you see invisible.
   *Corrode:  It may corrode you when you take damage.
   Will:      It greatly increases your willpower.
 I - the ring of the Mage (left hand) {Wiz Will++ Int+3}
   (You found it on level 1 of the Lair of Beasts)

   [ring of wizardry]

   It improves your spell success rate.
   Int:       It affects your intelligence (+3).
   Will:      It greatly increases your willpower.
 M - an amulet of magic regeneration (around neck)
 N - the ring of the Unkillable (right hand) {Drain rC+ rCorr EV+4 Int+3 SInv}
   (You found it on level 6 of the Lair of Beasts)

   [ring of evasion]

   EV:        It affects your evasion (+4).
   Int:       It affects your intelligence (+3).
   rC:        It protects you from cold.
   SInv:      It lets you see invisible.
   rCorr:     It protects you from acid and corrosion.
   Drain:     It drains your maximum health when unequipped.
 W - an amulet of reflection
Wands
 l - a wand of polymorph (6)
 n - a wand of digging (15)
 s - a wand of paralysis (19)
 x - a wand of iceblast (26)
 H - a wand of charming (3)
 O - a wand of flame (70)
 R - a wand of acid (3)
Scrolls
 g - 5 scrolls of enchant armour
 m - 6 scrolls of amnesia
 y - 12 scrolls of identify
 A - a scroll of fog
 G - 5 scrolls of teleportation
 J - a scroll of silence
 K - a scroll of summoning
 U - 3 scrolls of fear
 V - a scroll of holy word
Potions
 c - a potion of flight
 d - 8 potions of ambrosia
 i - 3 potions of invisibility
 j - 6 potions of brilliance
 q - 3 potions of attraction
 r - 2 potions of magic
 v - a potion of berserk rage
 w - 6 potions of lignification
 z - 3 potions of might
 B - 4 potions of mutation
 E - 3 potions of curing
 F - 5 potions of haste
 Q - 2 potions of heal wounds
Miscellaneous
 a - a phantom mirror
 T - a piece from Xom's chessboard (15/15)


   Skills:
 + Level 14.6 Fighting
 - Level 14.0 Maces & Flails
 - Level 10.0 Dodging
 - Level 15.0 Shields
 - Level 8.6 Spellcasting
 - Level 6.0 Conjurations
 - Level 3.2 Fire Magic
 - Level 8.0 Ice Magic
 + Level 15.9 Air Magic


You had one spell level left.
You knew the following spells:

 Your Spells              Type           Power      Damage    Failure   Level
a - Scorch                Fire           44%        2d7       1%          2
b - Static Discharge      Conj/Air       53%        N/A       1%          2
c - Lightning Bolt        Conj/Air       26%        1d42      1%          5
d - Frozen Ramparts       Ice            84%        1d10      1%          3
e - Summon Ice Beast      Ice/Summ       25%        N/A       6%          4
f - Freezing Cloud        Conj/Ice/Air   25%        6-21      1%          5
g - Maxwell's Capacitive  Air            33%        ∞         26%         8
h - Swiftness             Air            66%        N/A       1%          3

Your spell library contained the following spells:

 Spells                   Type           Power      Damage    Failure   Level
 Freeze                   Ice            100%       1d11      1%          1
 Animate Skeleton         Necr           18%        N/A       3%          1
 Pain                     Necr           36%        1d5       3%          1
 Ensorcelled Hibernation  Hex/Ice        50%        N/A       1%          2
 Conjure Flame            Conj/Fire      28%        6-21      1%          3
 Hailstorm                Conj/Ice       38%        3d9       1%          4
 Blink                    Tloc           N/A        N/A       4%          2
 Passwall                 Tmut/Erth      7%         N/A       4%          2
 Sticky Flame             Conj/Fire      28%        2d5       4%          4
 Ignite Poison            Fire/Tmut/Pois 13%        N/A       6%          3
 Ice Form                 Ice/Tmut       25%        N/A       6%          4
 Iskenderun's Battlesphe  Conj           34%        2d9       8%          5
 Tukima's Dance           Hex            9%         N/A       9%          3
 Vampiric Draining        Necr           4%         2d6       9%          3
 Fireball                 Conj/Fire      14%        3d8       12%         5
 Starburst                Conj/Fire      14%        6d6       52%         6
 Agony                    Necr           9%         N/A       61%         5
 Excruciating Wounds      Necr           4%         N/A       61%         5
 Summon Forest            Summ/Tloc      4%         N/A       61%         5
 Simulacrum               Ice/Necr       12%        N/A       63%         6
 Iron Shot                Conj/Erth      10%        9d3       77%         6
 Invisibility             Hex            4%         N/A       98%         6
 Spellforged Servitor     Conj/Summ      10%        N/A       99%         7
 Summon Hydra             Summ           4%         N/A       100%        7
 Ignition                 Fire           11%        3d5       100%        8
 Polar Vortex             Ice            21%        N/A       100%        9


Dungeon Overview and Level Annotations

Branches:
Dungeon (15/15)            Temple (0/1) D:4            Lair (6/6) D:10
 Shoals (4/4) Lair:4        Snake (4/4) Lair:4        Slime (0/5) Lair:5
    Orc (2/2) D:9             Elf (0/3) Orc:2        Vaults (0/5) D:13
 Depths (0/4) D:15         Bailey (visited)

Altars:
Ashenzari
Cheibriados
Fedhas
Gozag
Kikubaaqudgha
Makhleb
Trog
Wu Jian
The Shining One
Beogh

Shops:
D:6 **   D:9 !   Orc:2 *[[(   Shoals:4 =:*

Annotations:
D:2 Sigmund
D:5 3 runed translucent doors, jasper's ghost, amateur DsCA
Lair:5 exclusion: 2 oklob plants
Orc:1 1 transporter


Innate Abilities, Weirdness & Mutations

You can breathe blasts of scalding, opaque steam.
Your pale cyan-grey scales are hard. (AC +9)
You cannot fit into any form of body armour.
You are cold-blooded and may be slowed by cold attacks.
You are immune to the effects of steam.


Message History

The shock serpent is engulfed in freezing vapours.
The shock serpent's electric aura discharges, shocking you!
* * * LOW HITPOINT WARNING * * *
The black mamba is engulfed in freezing vapours.
The black mamba bites you!
* * * LOW HITPOINT WARNING * * *
You feel much better.
You feel extremely sick.
The black mamba is engulfed in freezing vapours.
You block the black mamba's attack.
The shock serpent bites you but does no damage.
The black mamba is engulfed in freezing vapours.
The black mamba seems to slow down.
You block the black mamba's attack.
You feel much better.
You feel very sick.
The shock serpent shoots out a bolt of lightning at you!
The bolt of electricity misses you. You block the shock serpent's attack.
The black mamba is engulfed in freezing vapours.
You kill the black mamba!
You feel very sick.
The shock serpent shoots out a bolt of lightning at you!
The bolt of electricity hits you!!
* * * LOW HITPOINT WARNING * * *
You see here a black mamba corpse.
Casting: Freezing Cloud (mildly dangerous; 1% risk of failure)
Confirm with . or Enter, or press ? or * to list all spells.
Okay, then.
Casting: Freezing Cloud (mildly dangerous; 1% risk of failure)
Confirm with . or Enter, or press ? or * to list all spells.
Aiming: Freezing Cloud (mildly dangerous; 1% risk of failure)
Press: ? - help, Dir - move target You feel very sick.
The shock serpent is engulfed in freezing vapours.
The shock serpent's electric aura discharges, shocking you!
* * * LOW HITPOINT WARNING * * *
The shock serpent is engulfed in freezing vapours.
The shock serpent shoots out a bolt of lightning at you!
The bolt of electricity misses you.
The shock serpent's electric aura discharges, shocking you!
You die...

...........#
#..........##
#....○§....##
##...☼☼§§§§.##
#.....§§☼§§§#
#......§§§§§##
#......##§§§§#
#.....####§S.#
#....## #.@.##
#..... #....#
#......#
##...#
S........
#...#
#.........#
#...##
#.........#
#....#
...S......#
#....# ##...#
#...#


You could see a shock serpent.

Vanquished Creatures
  Mara (Snake:3)
  4 krakens (Shoals:2)
  Polyphemus (Shoals:4)
  Ilsuiw (Shoals:3)
  An orc warlord (D:9)
  4 merfolk javelineers
  Josephine (D:12)
  A fire dragon (D:15)
  8 merfolk impalers
  2 boulder beetles
  7 hydras
  3 naga warriors
  An ogre mage (D:13)
  2 centaur warriors
  2 catoblepae
  An ice dragon (D:15)
  4 alligator snapping turtles (Shoals:4)
  A merfolk avatar (Shoals:4)
  4 two-headed ogres
  9 anacondas
  3 satyrs
  2 merfolk aquamancers (Shoals:4)
  A deep troll shaman (Lair:6)
  4 shock serpents
  18 death yaks
  3 naga sharpshooters
  Sonja (D:10)
  A sixfirhy (D:11)
  9 sea snakes
  9 harpies
  4 naga ritualists
  A wizard (D:15)
  3 orc knights
  3 deep elf pyromancers
  5 mana vipers
  15 ugly things
  A wolf spider (D:15)
  21 manticores
  13 fauns
  3 salamanders (Snake:2)
  10 cyclopes
  4 merfolk sirens
  13 elephants
  4 guardian serpents (Snake:2)
  5 naga magi
  24 black mambas
  2 gargoyles
  8 water nymphs
  4 rime drakes
  13 cane toads
  An efreet (D:12)
  A torpor snail (Lair:4)
  2 kobold demonologists (D:13)
  16 komodo dragons
  2 tengu conjurers (D:15)
  4 polar bears
  A queen bee (Lair:1)
  7 trolls
  4 wind drakes
  2 hornets
  27 merfolk
  27 dream sheep
  14 snapping turtles
  11 blink frogs
  47 yaks
  11 water elementals
  6 wraiths
  3 shadows
  A centaur simulacrum (D:14)
  4 wyverns
  A vampire (D:13)
  5 basilisks
  Grum (D:8)
  3 steam dragons
  7 vampire mosquitoes
  Menkaure (D:5)
  2 wargs
  17 nagas
  A floating eye (Lair:5)
  3 acid dragons
  22 water moccasins
  35 orc warriors
  A black bear (D:10)
  An ice beast (D:8)
  3 sky beasts
  A necrophage (D:6)
  9 ogres
  5 boggarts (D:14)
  21 wolves
  17 centaurs
  7 kobold brigands
  3 phantoms
  2 scorpions
  9 bullfrogs
  2 gnoll sergeants
  A water moccasin zombie (D:5)
  2 wyvern skeletons (D:7)
  A water moccasin skeleton (D:6)
  26 killer bees
  4 wights (D:8)
  10 howler monkeys
  6 electric eels
  3 hounds
  3 jellies
  25 orc priests
  2 gnoll shamans
  2 bullfrog skeletons (D:5)
  A centaur skeleton (D:5)
  4 hell rats (Lair:5)
  2 iguanas (D:5)
  A scorpion zombie (D:5)
  22 orc wizards
  Terence (D:2)
  A killer bee zombie (D:7)
  8 ogre zombies (D:9)
  A hound zombie (D:5)
  A hound skeleton (D:4)
  2 howler monkey zombies
  Robin (D:3)
  38 gnolls
  6 adders
  A river rat (D:5)
  An ufetubus (D:6)
  3 worms
  A dart slug (D:1)
  75 orcs
  10 ball pythons
  8 endoplasms
  6 giant cockroaches
  18 goblins
  18 hobgoblins
  7 jackals
  3 quokkas
  4 bats
  5 frilled lizards
  A goblin skeleton (D:9)
  3 hobgoblin zombies (D:9)
  28 kobolds
  3 orc skeletons (D:9)
  18 orc zombies (D:9)
  5 rats
  11 tentacles (Shoals:2)
1038 creatures vanquished.

Vanquished Creatures (others)
  A merfolk aquamancer (Shoals:4)
  A hobgoblin (Bailey)
  67 fungi
  168 plants
  55 tentacles
292 creatures vanquished.

Grand Total: 1330 creatures vanquished

Notes
Turn   | Place    | Note
-------+----------+-------------------------------------------
     0 | D:1      | Strat the Draconian Cinder Acolyte began the quest for the
                  | Orb.
     0 | D:1      | Reached XP level 1. HP: 19/19 MP: 2/2
   285 | D:1      | Reached XP level 2. HP: 26/26 MP: 3/3
   462 | D:1      | Learned a level 2 spell: Scorch
   591 | D:1      | Found a faded altar of an unknown god.
  1052 | D:2      | Reached XP level 3. HP: 31/31 MP: 4/4
  1540 | D:2      | Noticed Terence
  1546 | D:2      | Killed Terence
  1547 | D:2      | Reached skill level 5 in Maces & Flails
  1547 | D:2      | Reached XP level 4. HP: 33/38 MP: 5/5
  1615 | D:2      | Noticed Sigmund
  1990 | D:3      | Noticed Robin
  2010 | D:3      | Killed Robin
  2061 | D:3      | Reached XP level 5. HP: 40/45 MP: 6/6
  2978 | D:4      | Noticed an ice beast
  3380 | D:4      | Found a staircase to the Ecumenical Temple.
  4081 | D:4      | Noticed an ogre
  4098 | D:4      | Reached XP level 6. HP: 51/51 MP: 7/7
  4120 | D:4      | Noticed a swamp drake
  4120 | D:4      | an ice beast changed into a swamp drake
  4122 | D:4      | a swamp drake changed into a bat
  4139 | D:4      | Noticed a hornet
  4139 | D:4      | an ogre changed into a hornet
  4143 | D:4      | Upgraded the game from 0.28-a0-612-gcfc00ec14d to
                  | 0.28-a0-620-g539b0f7ac7
  4143 | D:4      | Noticed a sky beast
  4143 | D:4      | a hornet changed into a sky beast
  4147 | D:4      | Killed a sky beast
  4346 | D:5      | Entered Level 5 of the Dungeon
  4565 | D:5      | Noticed Menkaure
  4586 | D:5      | Killed Menkaure
  4587 | D:5      | Your scales start taking on a pale cyan-grey colour.
  4587 | D:5      | Reached XP level 7. HP: 56/58 MP: 1/8
  4587 | D:5      | Gained mutation: You are immune to the effects of steam.
                  | [Pale Draconian growth]
  4648 | D:5      | Learned a level 2 spell: Static Discharge
  4786 | D:5      | Found an ornate altar of the Wu Jian Council.
  4859 | D:5      | Found a runed translucent gate.
  4860 | D:5      | Found a runed translucent gate.
  4861 | D:5      | Found a runed translucent gate.
  4864 | D:5      | Identified the +3 ring mail of the Flute {rF+ rC+}
  4865 | D:5      | Noticed jasper's ghost (amateur DsCA)
  4886 | D:5      | Found a glowing golden altar of the Shining One.
  4890 | D:5      | Found an opulent altar of Gozag.
  5617 | D:5      | Reached XP level 8. HP: 52/66 MP: 9/9
  6017 | D:5      | Reached skill level 10 in Maces & Flails
  6495 | D:6      | Found Punail's Specific Store.
  6498 | D:6      | Found Kaimm's General Store.
  6543 | D:6      | Reached skill level 5 in Fighting
  7484 | D:6      | Found a bloodstained altar of Trog.
  7582 | D:6      | Reached XP level 9. HP: 22/75 MP: 10/10
  8027 | D:6      | Identified the +7 war axe of Viam {holy, Dex+4}
  9770 | D:7      | Found a blossoming altar of Fedhas.
  9967 | D:7      | Identified a scroll of acquirement
  9967 | D:7      | Acquired 1240 gold pieces
 10119 | D:8      | Reached skill level 1 in Dodging
 10405 | D:8      | Found a snail-covered altar of Cheibriados.
 10574 | D:8      | Noticed Grum
 10597 | D:8      | Killed Grum
 10598 | D:8      | Reached XP level 10. HP: 64/84 MP: 11/11
 11842 | D:9      | Found Haeseem's Distillery.
 11853 | D:9      | Found an ancient bone altar of Kikubaaqudgha.
 12317 | D:9      | Learned a level 5 spell: Lightning Bolt
 13300 | D:9      | Found a staircase to the Orcish Mines.
 13660 | D:10     | Entered Level 10 of the Dungeon
 13897 | D:10     | Noticed an elephant
 13913 | D:10     | Killed an elephant
 13914 | D:10     | Reached skill level 5 in Dodging
 14001 | D:10     | Noticed a two-headed ogre
 14039 | D:10     | Noticed Sonja
 14059 | D:10     | Killed Sonja
 14060 | D:10     | Reached XP level 11. HP: 83/97 MP: 12/12
 14164 | D:10     | Found a flagged portal.
 14179 | Bailey   | Entered a bailey
 14772 | D:10     | Found a staircase to the Lair.
 14869 | D:9      | Acquired a +2 pair of boots of stealth
 14988 | D:10     | Killed a two-headed ogre
 15358 | Lair:1   | Entered Level 1 of the Lair of Beasts
 15891 | Lair:1   | Identified the +4 ring mail "Zigom" {*Corrode Regen+ Str+4
                  | Slay+2}
 16023 | Lair:1   | Reached skill level 10 in Fighting
 16036 | Lair:1   | Found the ring of the Mage {Wiz Will++ Int+3}
 16053 | Lair:1   | Learned a level 3 spell: Frozen Ramparts
 16058 | Lair:1   | Learned a level 4 spell: Summon Ice Beast
 16081 | Lair:1   | Reached skill level 1 in Ice Magic
 17358 | Lair:2   | Reached skill level 5 in Ice Magic
 17366 | Lair:2   | Reached XP level 12. HP: 104/106 MP: 15/17
 18511 | Lair:3   | Reached skill level 1 in Air Magic
 19013 | Lair:3   | Upgraded the game from 0.28-a0-620-g539b0f7ac7 to
                  | 0.28-a0-622-gbaef9634d7
 19148 | Lair:3   | Reached skill level 10 in Dodging
 20142 | Lair:4   | Found a staircase to the Shoals.
 20145 | Lair:4   | Noticed an eight-headed hydra
 20163 | Lair:4   | Reached skill level 5 in Air Magic
 21247 | Lair:4   | Noticed a death yak
 21250 | Lair:4   | Noticed a death yak
 21277 | Lair:4   | Killed a death yak
 21459 | Lair:4   | Noticed a death yak
 21459 | Lair:4   | Noticed a death yak
 21459 | Lair:4   | Noticed a death yak
 21479 | Lair:4   | Killed a death yak
 21480 | Lair:4   | Reached skill level 1 in Conjurations
 21480 | Lair:4   | Reached XP level 13. HP: 83/113 MP: 18/18
 22089 | Lair:4   | Found a staircase to the Snake Pit.
 22582 | Lair:4   | Upgraded the game from 0.28-a0-622-gbaef9634d7 to
                  | 0.28-a0-628-g3c9886e45e
 23113 | Shoals:1 | Entered Level 1 of the Shoals
 23288 | Lair:5   | Reached skill level 5 in Conjurations
 23537 | Lair:5   | Found the +2 robe of Vines {NoPotionHeal Regen+++}
 23945 | Lair:4   | Learned a level 5 spell: Freezing Cloud
 23964 | Lair:5   | Reached skill level 5 in Spellcasting
 24300 | Lair:5   | Found a staircase to the Slime Pits.
 24934 | Lair:6   | Entered Level 6 of the Lair of Beasts
 26061 | Lair:6   | Reached XP level 14. HP: 121/121 MP: 26/26
 26072 | Lair:6   | Learned a level 8 spell: Maxwell's Capacitive Coupling
 26824 | Lair:6   | Identified the ring of the Unkillable {Drain rC+ rCorr EV+4
                  | Int+3 SInv}
 28030 | Orc:1    | Entered Level 1 of the Orcish Mines
 28067 | Orc:2    | Entered Level 2 of the Orcish Mines
 28369 | Orc:1    | Found a transporter.
 28757 | Orc:2    | Found Rahisa's Antique Armour Boutique.
 28923 | Orc:2    | Noticed an orc warlord
 28926 | Orc:2    | Reached skill level 10 in Air Magic
 29968 | D:9      | Killed an orc warlord
 30748 | Orc:2    | Found a staircase to the Elven Halls.
 30918 | Orc:2    | Found Feeveruu's Antique Weapon Emporium.
 30927 | Orc:2    | Found Duhouc's Antique Armour Shoppe.
 31308 | Orc:2    | Found Tyotwy's General Store.
 31377 | Orc:2    | Bought a glowing morningstar for 147 gold pieces
 31413 | Orc:2    | Bought a pair of gloves for 121 gold pieces
 31413 | Orc:2    | Bought a runed cloak for 202 gold pieces
 31413 | Orc:2    | Bought a brightly glowing kite shield for 256 gold pieces
 31413 | Orc:2    | Identified the -5 kite shield "Duxzea" {rC+ Int+4 Dex+4}
                  | (You bought it in a shop on level 2 of the Orcish Mines)
 32970 | D:11     | Found a runed translucent door.
 32971 | D:11     | Found a burning altar of Makhleb.
 33260 | D:12     | Noticed Josephine
 34053 | D:12     | Killed Josephine
 35320 | D:13     | Got Buifrent's Papyrus of Dislocation and Summoning
 35896 | D:13     | Reached XP level 15. HP: 98/136 MP: 19/27
 36086 | D:13     | Found a gate to the Vaults.
 37262 | D:14     | Identified the +5 war axe of Gin and Tonic {antimagic,
                  | rElec rPois Str+5 Stlth+}
 37376 | D:14     | Found a broken altar of Ashenzari.
 37673 | D:14     | Upgraded the game from 0.28-a0-628-g3c9886e45e to
                  | 0.28-a0-653-g7e9dba17c3
 37830 | D:15     | Entered Level 15 of the Dungeon
 37831 | D:15     | Acquired 1026 gold pieces
 38047 | D:15     | Reached skill level 1 in Shields
 38671 | D:15     | Found a staircase to the Depths.
 39133 | D:15     | Identified the +9 hand axe of the Tomato {vamp, rN++ Str+5
                  | Dex-2}
 39344 | D:15     | Reached skill level 5 in Shields
 40803 | Shoals:1 | Identified the +9 mace of Walaong {chaos, Will++ Str+5}
 41738 | Shoals:2 | Noticed a kraken
 41738 | Shoals:2 | Noticed a kraken
 41738 | Shoals:2 | Noticed a kraken
 41738 | Shoals:2 | Noticed a kraken
 42612 | Shoals:2 | Killed a kraken
 42815 | Shoals:2 | Killed a kraken
 42885 | Shoals:2 | Killed a kraken
 42934 | Shoals:2 | Killed a kraken
 43256 | Shoals:2 | Reached XP level 16. HP: 138/145 MP: 19/28
 43886 | Shoals:3 | Learned a level 3 spell: Swiftness
 45185 | Shoals:3 | Reached skill level 15 in Air Magic
 45248 | Shoals:3 | Noticed Ilsuiw
 45562 | Shoals:3 | Identified the +9 rapier "Postrumase" {vamp, rPois rC+ rN+}
 45856 | Shoals:3 | Killed Ilsuiw
 46124 | Shoals:4 | Entered Level 4 of the Shoals
 46135 | Shoals:4 | Found Zusad's Jewellery Emporium.
 46523 | Shoals:4 | Reached skill level 10 in Shields
 46720 | Shoals:4 | Identified the +5 shortbow of Punuzxotz {vorpal, Str+4}
 47320 | Shoals:4 | Identified the +0 plate armour of the True Pharaoh {Regen+
                  | Str+9 Int-5}
 47439 | Shoals:4 | Found Ulaokebe's Book Emporium.
 48829 | Shoals:4 | Noticed Polyphemus
 49544 | Shoals:4 | Killed Polyphemus
 50059 | Shoals:4 | Got a barnacled rune of Zot
 50182 | Shoals:4 | Identified the ring of Wuorgh {*Corrode rC- Will+++ Str+6
                  | SInv}
 50234 | Shoals:4 | Found Kuohorou's Assorted Antiques.
 50532 | Snake:1  | Entered Level 1 of the Snake Pit
 50978 | Snake:1  | Upgraded the game from 0.28-a0-653-g7e9dba17c3 to
                  | 0.28-a0-655-g4eb62b627b
 51142 | Snake:1  | Reached XP level 17. HP: 151/151 MP: 24/29
 52286 | Snake:2  | You fall into a shaft and drop 1 floor!
 53336 | Snake:3  | Noticed Mara
 53339 | Snake:3  | Noticed Strat's illusion
 53810 | Snake:2  | Reached skill level 15 in Shields
 56525 | Snake:3  | Noticed Strat's illusion
 56533 | Snake:3  | Killed Mara
 56727 | Snake:4  | Entered Level 4 of the Snake Pit
 56727 | Snake:4  | Found a broken altar of Ashenzari.
 56832 | Snake:4  | HP: 5/154 [shock serpent/electric aura (11)]
 56832 | Snake:4  | Killed from afar by a shock serpent

Illustrated notes

Levels and vault maps discovered:
D:1:      sevenhm_arrival_forest_fort_large_4, layout_rooms,
          hellmonk_ecumenical_altar_heavens_door
D:2:      layout_basic, serial_forest, infiniplex_forest_end_3,
          infiniplex_forest_lined_3_way, infiniplex_forest_lined_2,
          infiniplex_forest_corner_2, infiniplex_forest_diagonal,
          infiniplex_forest_end_3, uniq_sigmund, uniq_terence
D:3:      minmay_diamond_boxcup, layout_basic, kennysheep_generic_room_15,
          uniq_robin
D:4:      layout_basic, minmay_temple_entry_sparse_star
D:5:      minmay_polygon_palace, layout_cave_pools, nicolae_gozag_seed_capital,
          general_overflow_altar, nzn_wu_jian_contemplation,
          gup_sewer_entry_spiral, biasface_ghost_orc_armoury, uniq_menkaure
D:6:      minmay_general_purpose_star, layout_layer_cave, lemuel_crystal_altar,
          mrwooster_statue_mirror, chequers_serial_rivers_small_a,
          nicolae_specific_store, kennysheep_small_square
D:7:      layout_basic, mainiacjoe_overflow_tiny_flanked,
          nicolae_ossuary_entry_ruins, minmay_between
D:8:      layout_basic, cheibriados_altar_1, uniq_grum
D:9:      layout_rooms, kiku_gazebo_pond_becter, zombieorc2_lemuel,
          serial_shops, kennysheep_mini, minivault_4, serial_bayou_lagoon_b
D:10:     layout_rooms, david_lair_generic, enter_bailey_3, nrook_loot_triangle,
          uniq_sonja
D:11:     layout_stronghold, nzn_makhleb_speed_demon
D:12:     layout_grid_maze, uniq_josephine
D:13:     layout_layer_cave, hangedman_vaults_entry_quadrant_bands,
          hangedman_decor_push
D:14:     layout_basic, minmay_misc_feat_secret_circle, evilmike_ruin_ashenzari
D:15:     grunt_enter_depths_hoard, layout_gridville,
          minmay_misc_feat_more_columns, evilmike_butchery
Lair:1:   layout_roguey, special_room [special_room_bee], grunt_megastairs_3,
          lemuel_fruit_tree
Lair:2:   layout_roguey, beast_lair_carwin_11, grunt_megastairs_1
Lair:3:   layout_chaotic_city, beast_lair_carwin_1, infiniplex_staircase_pool
Lair:4:   layout_gridlike, shoals_dummy_entry,
          minmay_snake_entry_guardpost_medium, gauntlet_entry_generic
Lair:5:   layout_regular_city, minmay_slime_entry_eyes,
          hellmonk_guarded_unrand_vines
Lair:6:   grunt_lair_end_beastmaster, layout_cave_pods
Shoals:1: cheibrodos_shoals_satyrical_garden, layout_shoals, ldierk_geyser
Shoals:2: layout_shoals, nicolae_shoals_kraken_party
Shoals:3: layout_shoals, nzn_prometheus_bound, uniq_ilsuiw
Shoals:4: shoals_end_grunt_ice, layout_shoals, serial_shops, shop, shop,
          nicolae_shop_window_shopping, uniq_polyphemus
Snake:1:  layout_misc_corridors
Snake:2:  nicolae_snake_unarmed_stairs_patrol, layout_layer_cave
Snake:3:  layout_layer_cave, grunt_megastairs_5, uniq_mara
Snake:4:  snake_pit, layout_onion, serial_shops, shop_fountains, basic_altar
Orc:1:    emtedronai_trogs_sanctum, layout_diamond_mine
Orc:2:    grunt_orc_community_town_hall, layout_caves,
          grunt_orc_community_big_house_1, grunt_orc_community_big_house_2,
          grunt_orc_community_house_3, grunt_orc_community_house_1,
          grunt_orc_community_house_3, grunt_orc_community_house_3,
          grunt_orc_community_house_1, grunt_orc_community_house_3,
          statue_in_the_mist_lemuel, mines1_david

Skill      XL: |  1  2  3  4  5  6  7  8  9 10 11 12 13 14 15 16 17 |
---------------+----------------------------------------------------+-----
Maces & Flails | 4 5 6 8 9 11 13 14 | 14.0
Fighting       | 4 6 9 10 13 14 | 14.6
Dodging        | 2 5 8 10 | 10.0
Spellcasting   | 3 8 |  8.6
Ice Magic      | 5 8 |  8.0
Air Magic      | 7 8 12 14 15 | 15.9
Conjurations   | 1 6 |  6.0
Shields        | 8 13 15 | 15.0
Fire Magic     | |  3.2

Action                   |  1- 3 |  4- 6 |  7- 9 | 10-12 | 13-15 | 16-18 || total
-------------------------+-------+-------+-------+-------+-------+-------++-------
Melee: Mace              |   126 |       |       |       |       |       ||   126
       Tailslap          |     8 |    13 |    35 |    85 |   174 |    68 ||   383
       Flail             |       |   153 |   207 |       |       |       ||   360
       Morningstar       |       |       |   107 |       |       |       ||   107
       Dire flail        |       |       |    37 |   560 |   893 |       ||  1490
       Demon whip        |       |       |       |       |   242 |   486 ||   728
 Fire: Hunting sling     |       |    55 |     4 |     2 |       |       ||    61
Throw: Stone             |       |     3 |       |     4 |       |     1 ||     8
 Cast: Scorch            |       |    12 |       |     2 |     2 |       ||    16
       Static Discharge  |       |       |     2 |       |       |       ||     2
       Frozen Ramparts   |       |       |       |    24 |    84 |    18 ||   126
       Freezing Cloud    |       |       |       |       |   123 |   211 ||   334
       Summon Ice Beast  |       |       |       |       |     2 |     1 ||     3
       Lightning Bolt    |       |       |       |       |     1 |     5 ||     6
       Swiftness         |       |       |       |       |       |     1 ||     1
 Abil: Breathe Steam     |       |       |    15 |    77 |    34 |    22 ||   148
Evoke: Wand              |       |     8 |       |     2 |     4 |     6 ||    20
  Use: Scroll            |       |       |    15 |    14 |     9 |     7 ||    45
       Potion            |       |       |       |     7 |     2 |     4 ||    13
 Stab: Distracted        |       |       |       |     3 |     3 |       ||     6
       Sleeping          |       |       |       |     5 |     4 |       ||     9
Armor: Skin              |    50 |    63 |   110 |   113 |   313 |   111 ||   760
Dodge: Dodged            |    91 |    96 |   206 |   379 |   808 |   268 ||  1848
Block: Buckler           |       |       |       |       |    47 |    90 ||   137
       Kite shield       |       |       |       |       |       |    22 ||    22

Table legend: (Time is in decaauts)
 A = Elapsed time spent in this place.
 B = Non-inter-level travel time spent in this place.
 C = Inter-level travel time spent in this place.
 D = Time resting spent in this place.
 E = Time spent auto-exploring this place.
 F = Levels seen in this place.
 G = Mean time per level.
                   A        B        C        D        E       F      G
               +--------+--------+--------+--------+--------+-----+--------+
         Total |  56377 |  54289 |   2088 |  13329 |  30044 |  32 | 1761.8 |
       Dungeon |  23038 |  21969 |   1069 |   3767 |  13846 |  15 | 1535.9 |
          Lair |  12748 |  12294 |    454 |   2482 |   7383 |   6 | 2124.7 |
        Shoals |  10478 |  10233 |    245 |   4912 |   2986 |   4 | 2619.5 |
     Snake Pit |   6240 |   6155 |     85 |   1479 |   3796 |   4 | 1560.0 |
  Orcish Mines |   3433 |   3201 |    232 |    629 |   1800 |   2 | 1716.5 |
        Bailey |    437 |    437 |      0 |     59 |    232 |   1 |  437.0 |
               +--------+--------+--------+--------+--------+-----+--------+

Top non-repeatable levels by time:
Shoals:4: 3854 daAuts
 Snake:2: 3026 daAuts
  Lair:4: 2849 daAuts
  Lair:6: 2515 daAuts
Shoals:3: 2464 daAuts
     D:6: 2327 daAuts
     D:9: 2246 daAuts
Shoals:1: 2132 daAuts
     D:8: 2123 daAuts
     D:5: 2053 daAuts
Shoals:2: 2027 daAuts
  Lair:5: 2008 daAuts
    D:13: 1937 daAuts
  Lair:3: 1937 daAuts
   Orc:2: 1917 daAuts
